 Dungeon Crawl Stone Soup version 0.29-a0-284-gf9362112df (webtiles) character file.

Game seed: 17106957171215728555

5 Dabor the Cudgeller (level 1, -2/13 HPs)
             Began as a Gargoyle Gladiator on Mar 14, 2022.
             Slain by a gnoll
             ... wielding a +0 club
              (7 damage)
             ... on level 1 of the Dungeon.
             The game lasted 00:00:22 (228 turns).

Dabor the Cudgeller (Gargoyle Gladiator)             Turns: 228, Time: 00:00:23

Health: -2/13      AC:  6    Str: 17    XL:     1   Next: 80%
Magic:  1/1        EV: 12    Int:  8    God:
Gold:   21         SH:  0    Dex: 11    Spells: 0/0 levels left

rFire   . . .      SeeInvis .   a - +0 flail
rCold   . . .      Faith    .   (no shield)
rNeg    + . .      Spirit   .   b - +0 leather armour
rPois   ∞          Reflect  .   c - +0 helmet
rElec   +          Harm     .   (no cloak)
rCorr   .          Rampage  .   (no gloves)
Will    .....                   (no boots)
Stlth   +.........              (no amulet)
HPRegen 0.04/turn               (no ring)
MPRegen 0.07/turn               (no ring)

@: no status effects
A: sickness immunity, AC +2, negative energy resistance 1, electricity
resistance, torment resistance 1, petrification resistance
a: no special abilities


You were on level 1 of the Dungeon.
You visited 1 branch of the dungeon, and saw 1 of its levels.

You collected 21 gold pieces.

Inventory:

Hand Weapons
 a - a +0 flail (weapon)
Missiles
 d - 3 throwing nets (quivered)
 e - a javelin
Armour
 b - a +0 leather armour (worn)
 c - a +0 helmet (worn)
Potions
 f - a potion of lignification {unknown}


   Skills:
 + Level 2.3 Fighting
 + Level 3.1 Maces & Flails
 + Level 1.9 Throwing
 + Level 2.5 Dodging


You couldn't memorise any spells.
You didn't know any spells.
Your spell library was empty.

Dungeon Overview and Level Annotations

Branches:
Dungeon (1/15)

Altars:

Annotations:
D:1 2 transporters


Innate Abilities, Weirdness & Mutations

You are immune to sickness and miasma.
Your stone body is resilient. (AC +2)
You are immune to poison.
You resist negative energy. (rN+)
You are resistant to electric shocks. (rElec)
You are resistant to unholy torment.
You are immune to petrification.


Message History

The hobgoblin hits you.
You barely miss the hobgoblin. The endoplasm freezes you.
You are frozen.
The hobgoblin hits you but does no damage.
You sock the hobgoblin!
You kill the hobgoblin!
The endoplasm hits you but does no damage.
The endoplasm barely misses you.
You hit the endoplasm.
The endoplasm is almost dead.
The endoplasm closely misses you.
You thump the endoplasm!
You kill the endoplasm!
No target in view!
No target in view!
There is a faded altar of an unknown god here.
You start resting.
HP restored.
Found a stone staircase leading down.
You see here a hobgoblin corpse.
A ball python comes into view.
The ball python hisses angrily.
The ball python moves out of view.
A ball python is nearby!
You thump the ball python!
You kill the ball python!
No target in view!
No target in view!
You now have 21 gold pieces (gained 9).
Found 14 stones.
A gnoll comes into view. It is wielding a +0 club.
The gnoll shouts!
A gnoll is nearby!
You closely miss the gnoll. The gnoll hits you with a +0 club.
You sock the gnoll!
The gnoll is heavily wounded.
The gnoll hits you with a +0 club. The gnoll hits you with a +0 club!
Ouch! That really hurt!
You die...

#.. #.# #.# #.#
#### #.#
.....###$#######
......g.........
#(##@.# #.....#
####.## #.# #.#
## ######.##
####≈ #.......#
#≈≈≈≈ #.......#
≈≈≈≈≈ #.......#
≈≈≈≈≈


You could see a gnoll.

Vanquished Creatures
  A ball python (D:1)
  An endoplasm (D:1)
  A hobgoblin (D:1)
  A quokka (D:1)
4 creatures vanquished.

Notes
Turn   | Place    | Note
-------+----------+-------------------------------------------
     0 | D:1      | Dabor the Gargoyle Gladiator began the quest for the Orb.
     0 | D:1      | Reached XP level 1. HP: 12/12 MP: 1/1
    71 | D:1      | Found a faded altar of an unknown god.
   228 | D:1      | Slain by a gnoll

Illustrated notes

Levels and vault maps discovered:
D:1:      spicycebolla_arrival_teleporter_tutorial, layout_basic,
          hellmonk_ecumenical_altar_crossroads

Action                   || total
-------------------------++-------
Melee: Flail             ||    10
Armor: Leather armour    ||     4
Dodge: Dodged            ||     4

Table legend: (Time is in decaauts)
 A = Elapsed time spent in this place.
 B = Non-inter-level travel time spent in this place.
 C = Inter-level travel time spent in this place.
 D = Time resting spent in this place.
 E = Time spent auto-exploring this place.
 F = Levels seen in this place.
 G = Mean time per level.
                   A        B        C        D        E       F      G
               +--------+--------+--------+--------+--------+-----+--------+
         Total |    229 |    229 |      0 |     82 |    116 |   1 |  229.0 |
       Dungeon |    229 |    229 |      0 |     82 |    116 |   1 |  229.0 |
               +--------+--------+--------+--------+--------+-----+--------+

Top non-repeatable levels by time:
     D:1: 229 daAuts
